 Dungeon Crawl Stone Soup version 0.28.0-1-gb440e238dd (webtiles) character file.

Game seed: 13300268517576577304

54838 pkoi the Gelid (level 14, 0/103 HPs)
             Began as a Purple Draconian Ice Elementalist on Feb 25, 2022.
             Was a High Priest of Sif Muna.
             Shot with an arrow by Nessos (1 damage)
             ... on level 6 of the Lair of Beasts.
             The game lasted 00:55:56 (33119 turns).

pkoi the Gelid (Purple Draconian Ice Elementalist) Turns: 33119, Time: 00:55:58

Health: 0/103      AC: 12    Str: 11    XL:     14   Next: 36%
Magic:  21/39      EV: 14    Int: 21    God:    Sif Muna [*****.]
Gold:   1329       SH:  0    Dex: 11    Spells: 17/37 levels left

rFire   . . .      SeeInvis .   s - +0 dagger (venom)
rCold   . . .      Faith    .   (no shield)
rNeg    . . .      Spirit   .   (armour unavailable)
rPois   .          Reflect  .   (helmet restricted)
rElec   .          Harm     .   f - +0 cloak
rCorr   .          Rampage  .   i - +0 pair of gloves
Will    +++..                   h - +1 pair of boots
Stlth   ++........              C - amulet of regeneration
HPRegen 1.07/turn               j - ring of willpower
MPRegen 0.26/turn               I - ring of magical power

@: lethally poisoned (0 -> -24)
A: breathe power, AC +8, unfitting armour, cold-blooded
a: Breathe Dispelling Energy, Renounce Religion, Channel Magic, Forget Spell,
Divine Exegesis


You were on level 6 of the Lair of Beasts.
You worshipped Sif Muna.
Sif Muna was extremely pleased with you.
You visited 3 branches of the dungeon, and saw 19 of its levels.
You also visited: Bailey.

You collected 1524 gold pieces.
You spent 195 gold pieces at shops.

Inventory:

Hand Weapons
 c - a +0 trident
 m - a +0 shortbow
 s - a +0 dagger of venom (weapon)
 A - a +2 glaive of venom
Missiles
 r - 195 arrows
 z - a throwing net
Armour
 f - a +0 cloak (worn)
 h - a +1 pair of boots (worn)
 i - a +0 pair of gloves (worn)
Magical Staves
 w - a staff of conjuration
Jewellery
 j - a ring of willpower (left hand)
 p - a ring of see invisible
 C - an amulet of regeneration (around neck)
 E - a ring of ice
 I - a ring of magical power (right hand)
 L - an amulet of guardian spirit
Wands
 q - a wand of flame (43)
 y - a wand of acid (9)
 B - a wand of iceblast (14)
 F - a wand of paralysis (18)
 K - a wand of polymorph (10)
Scrolls
 k - 4 scrolls of fear
 n - 8 scrolls of enchant weapon
 o - 4 scrolls of teleportation
 t - 6 scrolls of enchant armour
 u - 4 scrolls of amnesia
 x - 3 scrolls of summoning
 D - 6 scrolls of identify
 G - 2 scrolls of fog
 J - a scroll of magic mapping
Potions
 a - 6 potions of might
 b - 4 potions of curing
 d - 5 potions of lignification
 e - 2 potions of magic
 g - 2 potions of heal wounds
 l - a potion of invisibility
 v - 3 potions of haste
 H - a potion of brilliance
 M - a potion of ambrosia {unknown}


   Skills:
 + Level 3.8 Fighting
 + Level 7.4 Dodging
 - Level 1.7 Stealth
 - Level 12.0 Spellcasting
 + Level 5.8 Conjurations
 + Level 5.3 Summonings
 - Level 3.0 Fire Magic
 - Level 19.0 Ice Magic
 + Level 5.2 Air Magic
 + Level 3.9 Invocations


You had 17 spell levels left.
You knew the following spells:

 Your Spells              Type           Power      Damage    Failure   Level
a - Foxfire               Conj/Fire      100%       2x1d9     1%          1
b - Frozen Ramparts       Ice            100%       1d12      0%          3
c - Ozocubu's Armour      Ice            75%        N/A       0%          3
d - Hailstorm             Conj/Ice       59%        3d13      1%          4
e - Summon Ice Beast      Ice/Summ       59%        N/A       1%          4
f - Freezing Cloud        Conj/Ice/Air   26%        6-21      2%          5

Your spell library contained the following spells:

 Spells                   Type           Power      Damage    Failure   Level
 Freeze                   Ice            100%       1d11      0%          1
 Ensorcelled Hibernation  Hex/Ice        100%       N/A       1%          2
 Call Canine Familiar     Summ           34%        N/A       1%          3
 Pain                     Necr           48%        1d6       5%          1
 Wereblood                Tmut           12%        N/A       8%          2
 Simulacrum               Ice/Necr       25%        N/A       16%         6
 Silence                  Hex/Air        11%        N/A       45%         5
 Agony                    Necr           12%        N/A       82%         5
 Alistair's Intoxication  Tmut/Pois      8%         N/A       82%         5
 Excruciating Wounds      Necr           6%         N/A       82%         5
 Polar Vortex             Ice            37%        N/A       91%         9
 Eringya's Noxious Bog    Tmut/Pois      6%         N/A       100%        6
 Borgnjor's Revivificati  Necr           6%         N/A       100%        8
 Necromutation            Tmut/Necr      6%         N/A       100%        8
 Summon Horrible Things   Summ           17%        N/A       100%        8
 Death's Door             Necr           6%         N/A       100%        9


Dungeon Overview and Level Annotations

Branches:
Dungeon (12/15)            Temple (1/1) D:4            Lair (6/6) D:9
 Shoals (0/4) Lair:3       Spider (0/4) Lair:4        Slime (0/5) Lair:5
 Bailey (visited)
    Orc: D:9-12

Altars:
Ashenzari
Cheibriados
Dithmenos
Elyvilon
Fedhas
Gozag
Hepliaklqana
Kikubaaqudgha
Makhleb
Nemelex Xobeh
Okawaru
Qazlal
Ru
Sif Muna
Trog
Uskayaw
Vehumet
Wu Jian
Xom
Yredelemnul
Zin
The Shining One
Beogh

Shops:
D:2 [   D:6 ?   D:8 =(   D:11 ?

Annotations:
D:8 2 transporters
Lair:3 1 runed translucent door, Yjeari's ghost, journeyman GrMo
Lair:4 3 runed translucent doors, HunfridMar's ghost, journeyman DECj
Lair:6 Nessos


Innate Abilities, Weirdness & Mutations

You can breathe bolts of dispelling energy.
Your rich purple scales are hard. (AC +8)
You cannot fit into any form of body armour.
You are cold-blooded and may be slowed by cold attacks.


Message History

A chill wind blows around you.
You feel very sick.
Nessos is engulfed in freezing vapours.
Nessos gestures wildly while chanting.
Nessos blinks!
Nessos shoots an arrow.
The arrow hits you!
* * * LOW HITPOINT WARNING * * *
The arrow burns you.
You are more poisoned.
* * * LOW HITPOINT WARNING * * *
Casting: Summon Ice Beast (safe; 1% risk of failure)
Confirm with . or Enter, or press ? or * to list all spells.
Aiming: Freezing Cloud (dangerous; 2% risk of failure)
Press: ? - help, Dir - move target, f - you
Okay, then.
Unknown command.
You feel extremely sick.
Nessos casts a spell.
Nessos blinks!
Casting: Freezing Cloud (dangerous; 2% risk of failure)
Confirm with . or Enter, or press ? or * to list all spells.
Aiming: Freezing Cloud (dangerous; 2% risk of failure)
Press: ? - help, Dir - move target You feel extremely sick.
Nessos is engulfed in freezing vapours.
Nessos gestures wildly while chanting.
Nessos blinks!
Nessos is engulfed in freezing vapours.
Nessos shoots an arrow.
The arrow hits you!
* * * LOW HITPOINT WARNING * * *
The arrow burns you.
You are lethally poisoned!
* * * LOW HITPOINT WARNING * * *
Nessos is engulfed in freezing vapours.
Unknown command.
* * * LOW HITPOINT WARNING * * *
You feel extremely sick.
Nessos is engulfed in freezing vapours. x2; Nessos shoots an arrow.
The arrow hits you!
* * * LOW HITPOINT WARNING * * *
The arrow burns you.
You die...

...#. ....
##...##....
#....#..... .
###P...PPP...
.§#§...Y..P....
§§§c§§.........
.§§§§§.........
§§§§§§.@.......
§§§§§§§........
##§§#P.........
## #P......#.#
##.....## #
#......
........
P........


You could see Nessos (fast, ally target) and a friendly ice beast (summoned).

Vanquished Creatures
  A dire elephant (Lair:2)
  Snorg (Lair:5)
  5 hydras
  Fannar (Lair:1)
  4 two-headed ogres
  Urug (Lair:1)
  A lindwurm (Lair:5)
  An orc knight (Bailey)
  4 cyclopes
  12 elephants (Lair:2)
  3 black mambas
  Maurice (D:8)
  Joseph (D:9)
  A gargoyle (D:11)
  5 cane toads
  A torpor snail (Lair:5)
  An unseen horror (D:11)
  12 komodo dragons
  Psyche (D:8)
  2 rime drakes
  A polar bear (Lair:3)
  A troll (D:11)
  Prince Ribbit (D:8)
  14 blink frogs
  A snapping turtle (Lair:3)
  6 dream sheep (Lair:5)
  A jumping spider (Lair:4)
  A vampire (D:9)
  5 wyverns
  A spriggan (Lair:2)
  A steam dragon (D:8)
  52 yaks
  2 basilisks (Lair:3)
  2 acid dragons
  8 water moccasins
  An ice beast (D:7)
  11 orc warriors
  6 black bears
  4 centaurs
  3 ogres
  11 wolves
  2 phantoms
  2 kobold brigands
  20 bullfrogs
  10 scorpions
  A wyvern zombie (D:8)
  5 jellies
  2 electric eels
  2 howler monkeys (D:5)
  A centaur zombie (D:6)
  A bullfrog zombie (D:5)
  4 orc priests
  2 bullfrog skeletons (D:6)
  2 centaur skeletons (D:6)
  A hound (D:6)
  A gnoll shaman (D:8)
  13 iguanas
  9 orc wizards
  A scorpion zombie (D:5)
  A hound skeleton (D:5)
  A howler monkey zombie (D:11)
  Robin (D:4)
  16 adders
  4 gnolls (D:8)
  2 white imps
  3 adder skeletons (D:4)
  A worm (D:5)
  4 dart slugs (D:4)
  64 orcs
  A bat (D:3)
  14 endoplasms
  3 giant cockroaches
  17 goblins
  2 hobgoblins
  3 quokkas
  4 ball pythons
  18 frilled lizards
  16 kobolds
  4 rats
450 creatures vanquished.

Vanquished Creatures (collateral kills)
  Erica (D:8)
  3 elephants (Lair:2)
  A slime creature (D:12)
  A meliai zombie (D:11)
  A wraith (D:9)
  A yak (Lair:1)
  A steam dragon (D:7)
  A necrophage (D:7)
  An adder (Lair:1)
11 creatures vanquished.

Vanquished Creatures (others)
  79 foxfires
  126 fungi
  203 plants
  12 withered plants (D:1)
420 creatures vanquished.

Grand Total: 881 creatures vanquished

Notes
Turn   | Place    | Note
-------+----------+-------------------------------------------
     0 | D:1      | pkoi the Draconian Ice Elementalist began the quest for the
                  | Orb.
     0 | D:1      | Reached XP level 1. HP: 14/14 MP: 3/3
    41 | D:1      | You fall into a shaft and drop 1 floor!
   126 | D:2      | Found Faxex's Antique Armour Emporium.
   291 | D:2      | Reached XP level 2. HP: 20/20 MP: 5/5
  1317 | D:3      | Reached skill level 5 in Ice Magic
  1352 | D:3      | Noticed a black bear
  1408 | D:3      | Reached XP level 3. HP: 23/26 MP: 6/6
  1426 | D:3      | Learned a level 3 spell: Frozen Ramparts
  1544 | D:3      | Killed a black bear
  1545 | D:3      | Reached skill level 6 in Ice Magic
  1545 | D:3      | Reached XP level 4. HP: 27/33 MP: 3/7
  1890 | D:3      | Reached XP level 5. HP: 38/38 MP: 5/8
  2200 | D:3      | Learned a level 3 spell: Ozocubu's Armour
  2445 | D:4      | Noticed Robin
  2457 | D:4      | Killed Robin
  2813 | D:4      | Reached skill level 7 in Ice Magic
  3524 | D:4      | Reached XP level 6. HP: 44/45 MP: 6/9
  3668 | D:4      | Found a staircase to the Ecumenical Temple.
  3683 | Temple   | Entered the Ecumenical Temple
  4071 | D:4      | Reached skill level 8 in Ice Magic
  4371 | D:5      | Entered Level 5 of the Dungeon
  4747 | D:5      | Your scales start taking on a rich purple colour.
  4747 | D:5      | Reached XP level 7. HP: 43/50 MP: 6/10
  4901 | D:5      | Reached skill level 9 in Ice Magic
  5271 | D:5      | Reached skill level 10 in Ice Magic
  5473 | D:5      | Reached XP level 8. HP: 57/57 MP: 7/11
  5696 | D:5      | Found a shadowy altar of Dithmenos.
  6190 | D:6      | Found Tufry's Magic Scroll Shop.
  6672 | D:6      | Reached skill level 11 in Ice Magic
  7434 | D:6      | Reached skill level 12 in Ice Magic
  7438 | D:6      | Reached XP level 9. HP: 49/62 MP: 9/12
  7580 | D:6      | Reached skill level 13 in Ice Magic
  8408 | D:7      | Found a flagged portal.
  8431 | Bailey   | Entered a bailey
  8660 | Bailey   | Reached skill level 17 in Ice Magic
  8660 | Bailey   | Reached XP level 10. HP: 69/69 MP: 13/13
  8661 | Bailey   | Reached XP level 11. HP: 74/74 MP: 13/24
  8667 | Bailey   | Learned a level 4 spell: Hailstorm
  8736 | Bailey   | Noticed an orc knight
  8813 | Bailey   | Killed an orc knight
  8814 | Bailey   | Reached skill level 1 in Conjurations
  9504 | D:7      | Acquired the Incunabulum of the Frostbite and
                  | Transformation
  9511 | D:7      | Learned a level 4 spell: Summon Ice Beast
  9517 | D:7      | Learned a level 5 spell: Freezing Cloud
  9540 | D:7      | Reached skill level 10 in Spellcasting
 10224 | D:7      | Noticed a deep elf zephyrmancer
 10370 | D:7      | Found a snail-covered altar of Cheibriados.
 10370 | D:7      | Found a blossoming altar of Fedhas.
 10370 | D:7      | Found a basalt altar of Yredelemnul.
 10407 | D:7      | Found a shimmering blue altar of Sif Muna.
 10411 | D:7      | Became a worshipper of Sif Muna the Loreminder
 10524 | D:8      | Found a transporter.
 10707 | D:8      | Reached skill level 1 in Summonings
 10707 | D:8      | Reached skill level 1 in Air Magic
 10825 | D:8      | Identified the +1 robe of Qusodow {Str+4 Dex+2}
 11006 | D:8      | Found Befir's Antique Weapon Shop.
 11010 | D:8      | Noticed Erica
 11032 | D:8      | Killed Erica
 11401 | D:8      | Noticed Maurice
 11419 | D:8      | Killed Maurice
 11551 | D:8      | Noticed Psyche
 11552 | D:8      | Found Qanalim's Jewellery Emporium.
 11552 | D:8      | Noticed a two-headed ogre
 11559 | D:8      | Killed Psyche
 11708 | D:8      | Found a transporter.
 11888 | D:8      | Killed a two-headed ogre
 11888 | D:8      | Reached * piety under Sif Muna
 11889 | D:8      | Reached XP level 12. HP: 81/81 MP: 11/26
 12226 | D:8      | Noticed Prince Ribbit
 12232 | D:8      | Killed Prince Ribbit
 12521 | D:9      | Found a staircase to the Lair.
 13276 | D:7      | Got Sif Muna's Collected Works on Heat
 13419 | D:9      | Noticed Joseph
 13458 | Lair:1   | Entered Level 1 of the Lair of Beasts
 13635 | Lair:1   | Learned a level 1 spell: Foxfire
 13790 | Lair:1   | Noticed Fannar
 13843 | Lair:1   | Reached skill level 1 in Fire Magic
 13918 | Lair:1   | Noticed Urug
 13932 | Lair:1   | Killed Urug
 14821 | Lair:1   | Reached ** piety under Sif Muna
 16838 | Lair:2   | Noticed a five-headed hydra
 16846 | Lair:2   | Killed a five-headed hydra
 17078 | Lair:2   | Reached skill level 18 in Ice Magic
 17530 | Lair:2   | Reached XP level 13. HP: 66/86 MP: 15/28
 18273 | Lair:2   | Noticed a dire elephant
 18772 | Lair:1   | Killed Fannar
 19815 | D:9      | Killed Joseph
 20052 | D:10     | Entered Level 10 of the Dungeon
 20561 | D:10     | Reached skill level 5 in Dodging
 20741 | D:10     | Reached *** piety under Sif Muna
 20884 | D:10     | Found an iron altar of Okawaru.
 21707 | D:11     | Found a stormy altar of Qazlal.
 22085 | D:11     | Found Zietsur Fack's Magic Scroll Shop.
 22093 | D:11     | Bought 2 scrolls of fog for 68 gold pieces
 22093 | D:11     | Bought a scroll of blinking for 127 gold pieces
 23159 | D:12     | HP: 1/86 [two-headed ogre (14)]
 24698 | D:1      | Found a faded altar of an unknown god.
 25316 | Lair:2   | Killed a dire elephant
 25317 | Lair:2   | Reached skill level 19 in Ice Magic
 25788 | Lair:3   | Found a runed translucent door.
 25913 | Lair:3   | Identified the +0 ring mail "Dilaron" {rC- rN+ Int+3}
 26233 | Lair:3   | Reached skill level 1 in Fighting
 26233 | Lair:3   | Reached skill level 1 in Invocations
 26475 | Lair:3   | Found a staircase to the Shoals.
 26814 | Lair:3   | Reached **** piety under Sif Muna
 27463 | Lair:3   | Noticed Yjeari's ghost (journeyman GrMo)
 27724 | Lair:4   | Noticed HunfridMar's ghost (journeyman DECj)
 27726 | Lair:4   | Found a runed translucent gate.
 27726 | Lair:4   | Found a runed translucent gate.
 27726 | Lair:4   | Found a runed translucent gate.
 28016 | Lair:4   | Reached skill level 5 in Conjurations
 28036 | Lair:4   | Reached XP level 14. HP: 99/99 MP: 20/30
 28248 | Lair:4   | Found a hole to the Spider Nest.
 30575 | Lair:5   | Reached skill level 5 in Summonings
 30627 | Lair:5   | Noticed Snorg
 30636 | Lair:5   | Killed Snorg
 30637 | Lair:5   | Reached skill level 5 in Air Magic
 31138 | Lair:5   | Found a staircase to the Slime Pits.
 31554 | Lair:5   | Reached ***** piety under Sif Muna
 31994 | Lair:5   | Received a gift from Sif Muna
 31995 | Lair:5   | Got Bipi's Volume of Malediction and the Escort {god gift}
 33113 | Lair:6   | Entered Level 6 of the Lair of Beasts
 33113 | Lair:6   | Noticed Nessos
 33119 | Lair:6   | HP: 1/103 [Nessos/arrow (10)]
 33119 | Lair:6   | Shot with an arrow by Nessos

Illustrated notes

Levels and vault maps discovered:
D:1:      minmay_arrival_up_and_down, layout_basic,
          shapermc_ecumenical_altar_flowoftime
D:2:      layout_loops_corners, serial_shops, shop
D:3:      layout_basic, chequers_big_river, minmay_misc_feat_rugged
D:4:      layout_loops_corners, minmay_temple_entry_drinking_statues,
          serial_bayou_crossing, uniq_robin
D:5:      layout_loops_cross, mainiacjoe_overflow_concentric_impassable
D:6:      layout_basic, serial_shops, shop_coins, minmay_increasing_density
D:7:      layout_rooms, gammafunk_temple_overflow_forgotten, led_sif_book,
          enter_bailey_5, guppyfry_early_elven_hall
D:8:      gammafunk_wand_slinger, layout_cave_pods, serial_shops,
          nicolae_shop_hallway_plus, st_stairs_14, kennysheep_windowed_goal,
          uniq_erica, uniq_maurice, uniq_psyche, uniq_prince_ribbit1
D:9:      layout_basic, lair_entry_dummy, special_room [special_room_orc],
          grunt_decor_junction, uniq_joseph
D:10:     layout_loops_ring, lemuel_coloured_pillars_altar
D:11:     layout_long_grid, serial_shops, nicolae_shop_hallway_stairs,
          nicolae_qazlal_general_emergency
D:12:     layout_basic, hiddenorc1_lemuel, portal_ice_cave_entry_ice_simulacra
Temple:   eino_temple_scatter_basement
Lair:1:   minmay_lair_venomous_thicket, layout_cave_pods, uniq_fannar, uniq_urug
Lair:2:   mu_elephants_graveyard, layout_loops_ring, gauntlet_entry_generic,
          serial_bayou_lagoon_a, beast_lair_carwin_7
Lair:3:   layout_regular_city, minmay_shoals_entry_hut,
          ebering_ghost_reflecting_pool
Lair:4:   layout_layer_cave, spider_nest_entry_rubble,
          gammafunk_ghost_necromancy, minivault_25, serial_bayou_shore_a
Lair:5:   lemuel_reptile_caves, layout_gridlike, nicolae_slime_entry_slimehenge,
          uniq_snorg
Lair:6:   evilmike_catoblepas_cave, layout_regular_city, uniq_nessos

Skill      XL: |  1  2  3  4  5  6  7  8  9 10 11 12 13 14 |
---------------+-------------------------------------------+-----
Ice Magic      | 5 6 7 8 10 12 17 18 19 | 19.0
Spellcasting   | 9 10 11 12 | 12.0
Conjurations   | 3 4 5 |  5.8
Summonings     | 2 3 4 5 |  5.3
Air Magic      | 2 3 4 5 |  5.2
Fire Magic     | 2 3 |  3.0
Dodging        | 2 6 7 |  7.4
Fighting       | 2 3 |  3.8
Invocations    | 2 3 |  3.9
Stealth        | |  1.7

Action                   |  1- 3 |  4- 6 |  7- 9 | 10-12 | 13-15 || total
-------------------------+-------+-------+-------+-------+-------++-------
Melee: Trident           |    20 |    79 |   186 |    41 |       ||   326
       Unarmed           |     1 |       |       |       |       ||     1
       Tailslap          |     2 |     5 |    24 |    41 |    44 ||   116
       Punch             |       |       |     4 |     5 |     3 ||    12
       Staff             |       |       |       |    50 |       ||    50
       Dagger            |       |       |       |   111 |   215 ||   326
 Fire: Shortbow          |       |       |       |     8 |       ||     8
 Cast: Freeze            |    16 |    43 |     3 |     6 |       ||    68
       Frozen Ramparts   |     1 |     6 |    22 |    59 |    49 ||   137
       Ozocubu's Armour  |       |       |     9 |    56 |    49 ||   114
       Hailstorm         |       |       |       |    46 |    16 ||    62
       Summon Ice Beast  |       |       |       |    15 |     9 ||    24
       Foxfire           |       |       |       |    36 |     9 ||    45
       Freezing Cloud    |       |       |       |    14 |   152 ||   166
 Abil: Breathe Dispellin |       |       |       |     2 |       ||     2
Evoke: Wand              |       |       |       |     3 |       ||     3
  Use: Scroll            |     1 |       |     8 |     7 |     5 ||    21
       Potion            |       |       |     1 |     8 |       ||     9
 Stab: Sleeping          |     2 |     5 |     2 |       |     3 ||    12
       Distracted        |       |     1 |       |       |       ||     1
Armor: Skin              |     7 |    50 |   103 |   170 |   129 ||   459
Dodge: Dodged            |    19 |    55 |   157 |   174 |   177 ||   582
